AoeStats
← TinselFan831357

Arabia

509803004Analyzed
2v2 RM · 3d ago on Sep 28, 2026· 51m 12s· 4 players
Game mode
Random Map
Map size
Medium (4 player)
Population
200
Speed
Normal
Resources
Standard
Victory
Conquest
Starting age
Dark Age
Ending age
Imperial Age
RankedLock teamsTeams togetherTeam positionsShared explorationLock speedFull tech treeHidden civsTurbo modeCheats
Victory
Defeat
🇨🇴 Britons · Colombia
775
+12
🇨🇴 Bohemians · Colombia
712
+15
🇺🇸 Huns · United States
697
-14
🇨🇴 Bohemians · Colombia
680
-13
dthroop94
12:40 Feudal Age
11:01 Loom
14:01 Double-Bit Axe
17:35 Castle Age
17:53 Scale Mail Armor
21:37 Bow Saw
27:57 Wheelbarrow
29:20 Hand Cart
29:07 Man-at-Arms
29:39 Pikeman
30:50 Squires
30:53 Long Swordsman
37:48 Chain Mail Armor
41:30 Gold Mining
42:47 Scale Barding Armor
45:32 Chain Barding Armor
45:23 Forging
50:54 Iron Casting
judisama
8:45 Loom
11:06 Feudal Age
12:22 Town Watch
16:36 Castle Age
14:45 Double-Bit Axe
15:04 Horse Collar
16:20 Fletching
16:30 Padded Archer Armor
17:44 Pikeman
23:56 Squires
25:00 Wheelbarrow
26:06 Chemistry
30:35 Bodkin Arrow
31:02 Leather Archer Armor
39:37 Imperial Age
37:56 Forging
38:45 Wagenburg Tactics
41:52 Elite Hussite Wagon
42:53 Conscription
42:04 Sappers
46:29 Halberdier
46:54 Arson
TinselFan831357
9:43 Feudal Age
10:17 Double-Bit Axe
10:15 Horse Collar
21:59 Castle Age
25:58 Husbandry
26:05 Scale Barding Armor
26:01 Padded Archer Armor
26:01 Scale Mail Armor
26:12 Forging
25:52 Fletching
26:44 Wheelbarrow
26:11 Heavy Plow
26:22 Bow Saw
26:04 Gold Mining
26:04 Stone Mining
27:59 Gold Shaft Mining
27:56 Town Watch
31:11 Hand Cart
30:59 Town Patrol
31:01 Crossbowman
31:44 Loom
36:28 Imperial Age
37:42 Warwolf
37:10 Cavalier
41:37 Elite Longbowman
50:26 Chain Barding Armor
50:21 Leather Archer Armor
50:21 Chain Mail Armor
50:41 Iron Casting
BracingFrog3600
0:26 Loom
11:44 Feudal Age
12:37 Horse Collar
13:21 Double-Bit Axe
25:06 Castle Age
27:37 Crossbowman
27:44 Pikeman
30:44 Heavy Plow
31:29 Man-at-Arms
34:43 Chemistry
33:33 Elite Skirmisher
35:39 Long Swordsman
41:39 Imperial Age
42:46 Cavalier
44:21 Arbalester
47:09 Wheelbarrow
50:51 Halberdier
Connection lost

Rejoining the realm…

Still unreachable

The connection could not be restored.

Session expired

The server has moved on; the page needs a fresh start.